 Dungeon Crawl Stone Soup version 0.17-a0-1-g1f4be75 (webtiles) character file.

340 McCoppin the Ruffian (level 6, -1/59 HPs)
             Began as a Troll Monk on Mar 7, 2015.
             Slain by a gnoll
             ... wielding a +0 spear
              (3 damage)
             ... on level 4 of the Dungeon.
             The game lasted 00:06:52 (2605 turns).

McCoppin the Ruffian (Troll Monk)                   Turns: 2605, Time: 00:06:53

Health: -1/59      AC:  6    Str: 27    XL:     6   Next: 30%
Magic:  0/3        EV: 10    Int:  8    God:
Gold:   220        SH:  0    Dex: 12    Spells: 0 memorised, 5 levels left

rFire  . . .     SeeInvis .       - Unarmed
rCold  . . .     Clarity  .     t - +1 robe {MR+}
rNeg   + . .     SustAb   .     (shield restricted)
rPois  .         Gourm    +     (helmet restricted)
rElec  .         Spirit   +     (no cloak)
rCorr  .         Warding  .     (gloves unavailable)
rMut   .         Stasis   .     (boots unavailable)
MR     +....                    p - amulet of guardian spirit
Stlth  +.........               (no ring)
                                w - ring of positive energy

@: mighty, invisible, somewhat resistant to hostile enchantments, very
unstealthy
A: unfitting armour, claws 3, clever 1, fast metabolism 3, gourmand,
regeneration 2, shaggy fur 1, tough skin 2
a: no special abilities


You were on level 4 of the Dungeon.
You were full.

You visited 1 branch of the dungeon, and saw 4 of its levels.

You collected 220 gold pieces.

Inventory:

Armour
 a - a +0 robe
 t - a +1 robe of magic resistance (worn)
Jewellery
 p - an amulet of guardian spirit (around neck)
 w - a ring of positive energy (left claw)
Magical devices
 m - a wand of magic darts (23)
Scrolls
 c - a scroll of magic mapping
 d - a scroll of teleportation
 e - 2 scrolls of identify
 h - a scroll of random uselessness
 l - a scroll of noise {unknown}
 s - 3 scrolls of remove curse {unknown}
 y - a scroll of immolation {unknown}
Potions
 g - a potion of might
 i - a potion of flight {unknown}
 j - a potion of brilliance
 o - a potion of invisibility
 q - a potion of haste
 u - a potion of mutation
 v - a potion of heal wounds {unknown}
 x - a potion of poison {unknown}
Comestibles
 b - 3 meat rations
 f - 4 bread rations
 k - a beef jerky
 n - a fruit
 r - 2 slices of pizza


   Skills:
 - Level 2.4 Fighting
 - Level 2.4 Dodging
 - Level 1.1 Stealth
 + Level 7.7 Unarmed Combat


You had 5 spell levels left.
You didn't know any spells.

Dungeon Overview and Level Annotations

Branches:
Dungeon (4/15)
 Temple: D:4-7

Altars:
Nemelex Xobeh
Okawaru
Trog
The Shining One


Innate Abilities, Weirdness & Mutations

You are too large for most types of armour.
You have claws for hands.
Your metabolism is lightning-fast.
You like to eat raw meat.
You heal very quickly.
You are covered in fur (AC +1).
You have very tough skin (AC +2).
Your mind is acute. (Int +2)


Message History

The gnoll sergeant hits you but does no damage.
The gnoll hits you from afar with a spear.
* * * LOW HITPOINT WARNING * * *
Drink which item? (? for menu, Esc to quit)
It was a potion of might.
You feel very mighty all of a sudden. The gnoll hits you.
* * * LOW HITPOINT WARNING * * *
The gnoll misses you.
The gnoll sergeant hits you from afar with a spear!
* * * LOW HITPOINT WARNING * * *
Drink which item? (? for menu, Esc to quit)
It was a potion of invisibility.
You fade into invisibility!
The gnoll closely misses you.
The gnoll throws a throwing net.
The throwing net completely misses the gnoll sergeant.
The throwing net hits the gnoll.
The gnoll is caught in the net!
The gnoll hits you but does no damage.
The gnoll hits you from afar with a spear.
You die...

#..............#.............
#..#....≈≈≈≈≈≈≈≈≈............
#.####...≈##≈≈≈##≈............
##. #...≈#######≈............
##.# #..#≈≈#.$.#≈≈............
......###.##≈≈#.gg#≈≈............
#....##≈≈#ggg#≈≈..#.........
###..##≈###g###≈.##.........
##....≈##≈@≈##≈#...#.......
####..#..≈≈≈≈.≈≈≈≈..####......
#.##.###.####...##.## ##.....
###....###.# ##.###..# #.##...
#..###..##.####.## ##.####.### .
#.## ##.......?.# #..##...###.
#.## ###.......## ##..........
##.####......##..### ###'####..#
##.##....#..###...###♣...♣##.##


You could see a gnoll sergeant and 5 gnolls.

Vanquished Creatures
  The ghost of McCoppin the Scratcher, an average FeMo of Dithmenos (D:4)
  3 orc wizards
  Jessica (D:2)
  An adder (D:2)
  A gnoll (D:4)
  2 giant mites (D:3)
  2 worms
  An ooze (D:4)
  10 orcs
  2 ball pythons
  7 bats
  14 hobgoblins
  3 jackals (D:1)
  3 kobolds
  2 quokkas
  4 giant cockroaches
  6 giant geckos
  2 giant newts (D:1)
  4 goblins (D:2)
  16 rats
85 creatures vanquished.

Notes
Turn   | Place    | Note
--------------------------------------------------------------
     0 | D:1      | McCoppin, the Troll Monk, began the quest for the Orb.
     0 | D:1      | Reached XP level 1. HP: 22/22 MP: 1/1
   172 | D:1      | Reached XP level 2. HP: 29/29 MP: 1/1
   718 | D:2      | Noticed Jessica
   720 | D:2      | Killed Jessica
   720 | D:2      | Reached skill level 5 in Unarmed Combat
   720 | D:2      | Reached XP level 3. HP: 36/36 MP: 2/2
  1022 | D:2      | Reached XP level 4. HP: 41/44 MP: 2/2
  1202 | D:2      | Found a bloodstained altar of Trog.
  1500 | D:3      | Reached skill level 6 in Unarmed Combat
  1569 | D:3      | Reached XP level 5. HP: 42/50 MP: 2/2
  1583 | D:3      | Gained mutation: Your mind is acute. (Int +2) [potion of beneficial mutation]
  1599 | D:3      | Found a sparkling altar of Nemelex Xobeh.
  1599 | D:3      | Found an iron altar of Okawaru.
  2214 | D:4      | Reached skill level 7 in Unarmed Combat
  2387 | D:4      | Found a glowing golden altar of the Shining One.
  2490 | D:4      | Noticed McCoppin's ghost (average FeMo)
  2500 | D:4      | Killed McCoppin's ghost
  2500 | D:4      | Reached XP level 6. HP: 48/59 MP: 3/3
  2604 | D:4      | HP: 2/59 [gnoll sergeant/spear (8)]
  2605 | D:4      | Slain by a gnoll

Action                   |  1- 3 |  4- 6 || total
-------------------------+-------+-------++-------
Melee: Unarmed           |   109 |   141 ||   250
  Use: Scroll            |       |     8 ||     8
       Potion            |       |     4 ||     4
 Stab: Sleeping          |       |     3 ||     3
  Eat: Chunk             |     8 |    18 ||    26
